Map: Kairos Junction LE

Players

마스터셰프

  • Race: Zerg Zerg
  • League: Platinum
  • Spawn Location: 11:00

WaterMetal - Winner!

  • Race: Terran Terran
  • League: Diamond
  • Spawn Location: 5:00

VOD

Have the link to the VOD?

Description

Time

  • Played on: May 15, 2019, 6:44 a.m.
  • Length: 14:59
Show
View Real Time Build Order
Export as new Build Order

마스터셰프 Zerg 

Build Orders: Hatch First, Swarm Host 

Get SALT Encoding   

  12  0:05  Drone  
  13  0:14  Overlord  
  13  0:22  Drone  
  14  0:32  Drone x2  
  16  0:37  Drone  
  17  1:01  Hatchery  
  16  1:04  Drone x2  
  16  1:07  Extractor  
  17  1:18  Spawning Pool  
  16  1:21  Drone  
  17  1:30  Drone  
  18  1:35  Drone  
  19  1:43  Overlord  
  19  2:05  Queen  
  21  2:13  Metabolic Boost  
  21  2:14  Queen  
  23  2:15  Zergling x2  
  23  2:16  Zergling x2  
  25  2:34  Hatchery  
  24  2:38  Drone  
  24  2:39  Drone  
  24  2:42  Drone  
  27  2:44  Drone  
  28  2:53  Queen  
  30  2:59  Overlord  
  30  3:02  Drone  
  30  3:05  Drone  
  32  3:07  Drone  
  32  3:10  Drone  
  34  3:13  Drone  
  34  3:17  Drone  
  36  3:28  Queen  
  36  3:33  Overlord  
  38  3:36  Drone  
  38  3:37  Drone x4  
  43  3:41  Drone  
  43  3:44  Lair  
  44  3:55  Zergling x6  
  46  3:57  Zergling x2  
  46  3:59  Zergling x2  
  49  4:04  Queen  
  49  4:06  Drone  
  51  4:25  Queen  
  51  4:30  Drone, Extractor  
  51  4:31  Drone x2, Extractor  
  54  4:32  Drone x3  
  54  4:34  Drone  
  54  4:36  Overlord x2  
  54  4:37  Overlord x2  
  51  5:00  Zergling x10  
  51  5:01  Zergling x10  
  53  5:20  Drone  
  53  5:21  Drone x5  
  55  5:28  Drone x3  
  58  5:41  Drone x3  
  61  5:47  Drone  
  61  5:48  Drone  
  61  5:49  Drone  
  64  5:54  Overlord  
  61  6:08  Overlord x2  
  58  6:16  Drone x2  
  59  6:19  Drone  
  59  6:20  Drone x5, Spine Crawler  
  59  6:23  Zergling x12  
  59  6:24  Zergling x4  
  68  6:45  Evolution Chamber  
  68  6:46  Evolution Chamber  
  68  6:47  Drone x3  
  68  6:48  Hydralisk Den  
  68  6:49  Drone  
  68  6:50  Drone x3  
  68  6:54  Queen  
  72  6:58  Overseer  
  74  7:04  Drone x4, Hatchery  
  77  7:16  Zerg Melee Weapons Level 1  
  77  7:17  Hatchery, Zerg Ground Armor Level 1  
  77  7:19  Drone  
  77  7:24  Zergling x2  
  77  7:25  Zergling x10  
  83  7:34  Zergling x2  
  83  7:35  Zergling x6  
  87  7:40  Infestation Pit  
  87  7:43  Extractor  
  85  7:44  Roach Warren  
  85  7:45  Extractor  
  85  7:46  Drone x2, Extractor  
  85  7:47  Drone x3  
  87  7:53  Drone  
  87  7:54  Drone  
  87  7:56  Overlord x3  
  75  8:15  Drone x2  
  75  8:16  Drone  
  75  8:18  Drone x3  
  79  8:22  Queen  
  79  8:24  Drone  
  79  8:25  Drone x5  
  87  8:39  Overlord x3  
  87  8:46  Drone  
  87  8:47  Drone x6  
  94  8:57  Roach  
  94  8:58  Roach  
  88  9:04  Roach x5  
  94  9:10  Roach  
  94  9:11  Roach x7  
  94  9:13  Glial Reconstitution  
  110  9:18  Drone x4, Spine Crawler  
  110  9:19  Queen  
  110  9:20  Spine Crawler  
  114  9:25  Zerg Melee Weapons Level 2, Zerg Ground Armor Level 2  
  114  9:29  Roach  
  114  9:30  Roach x4  
  114  9:31  Spine Crawler  
  123  9:35  Roach x4  
  125  9:44  Extractor  
  124  9:52  Roach  
  114  9:53  Roach x11  
  114  9:57  Zergling x2  
  114  9:58  Zergling x2  
  130  10:04  Zergling x2  
  130  10:05  Zergling x12  
  125  10:10  Zergling x4  
  125  10:12  Queen  
  129  10:24  Overlord x2  
  129  10:25  Overlord  
  129  10:28  Hatchery  
  128  10:31  Zergling x12  
  128  10:32  Tunneling Claws  
  134  10:41  Evolution Chamber  
  133  10:48  Extractor, Queen  
  133  10:49  Drone x3  
  137  10:51  Zergling x2  
  137  10:52  Zergling x20  
  126  11:17  Swarm Host  
  126  11:18  Swarm Host x11  
  122  11:21  Overlord x3  
  122  11:22  Overlord x2  
  154  11:35  Hive  
  154  11:38  Overlord x4  
  150  11:45  Spire  
  144  11:51  Zergling x2  
  144  11:52  Zergling x24  
  130  12:13  Zergling x30  
  140  12:31  Zergling x2  
  140  12:32  Zergling x12  
  147  12:40  Hatchery  
  104  13:03  Mutalisk x8  
  104  13:04  Mutalisk x3  
  104  13:05  Mutalisk  
  120  13:14  Drone  
  120  13:15  Drone x4  
  120  13:16  Drone  
  120  13:17  Drone  
  120  13:18  Drone  
  128  13:20  Drone  
  129  13:33  Drone x6  
  133  13:45  Mutalisk x5  
  133  13:46  Mutalisk x2  
  138  14:01  Drone x4  
  138  14:02  Drone x3  
  129  14:18  Mutalisk x3  
  129  14:19  Mutalisk x5  
  139  14:30  Drone x6  
Show
View Real Time Build Order
Export as new Build Order

WaterMetal Terran - Winner!

Build Orders: Hellion Opening 

Get SALT Encoding   

  12  0:00  SCV  
  13  0:12  SCV  
  14  0:19  Supply Depot  
  14  0:25  SCV  
  15  0:40  SCV  
  15  0:42  Barracks  
  16  0:47  Refinery  
  16  0:53  SCV  
  17  1:05  SCV  
  18  1:17  SCV  
  19  1:29  Marine  
  19  1:30  Orbital Command  
  20  1:48  Command Center  
  20  1:57  SCV  
  21  2:06  Factory  
  21  2:08  Barracks Reactor  
  21  2:09  SCV  
  22  2:16  Supply Depot  
  22  2:25  SCV  
  22  2:29  Refinery  
  23  2:38  SCV  
  24  2:53  Starport, SCV  
  24  2:55  Hellion x2  
  29  3:01  Orbital Command  
  30  3:05  SCV  
  30  3:17  Hellion x2  
  30  3:19  SCV  
  35  3:24  Supply Depot  
  35  3:27  SCV  
  35  3:29  Medivac  
  38  3:34  SCV  
  38  3:38  Hellion x2  
  38  3:40  SCV  
  43  3:46  SCV, Supply Depot  
  44  3:53  SCV  
  45  3:59  Hellion x2, Viking  
  51  4:03  SCV  
  51  4:06  SCV  
  54  4:17  SCV  
  54  4:21  Hellion x2  
  58  4:24  SCV  
  58  4:26  Supply Depot  
  58  4:29  SCV  
  60  4:35  Supply Depot  
  60  4:37  SCV  
  61  4:41  SCV  
  61  4:44  Command Center  
  62  4:49  SCV  
  63  4:53  SCV  
  64  5:01  SCV  
  64  5:05  SCV  
  64  5:06  Factory x2  
  66  5:13  SCV  
  63  5:17  SCV  
  58  5:23  Hellion x2  
  58  5:24  Refinery  
  58  5:25  Refinery  
  58  5:27  SCV  
  63  5:29  SCV, Supply Depot  
  64  5:39  SCV  
  64  5:41  SCV  
  66  5:49  Factory Tech Lab  
  66  5:51  SCV, Factory  
  66  5:55  Factory Tech Lab, Factory  
  67  5:57  SCV  
  68  6:05  Hellion x2  
  68  6:07  SCV  
  68  6:08  Orbital Command  
  68  6:09  Armory  
  68  6:10  Armory  
  73  6:13  SCV  
  73  6:18  Mag-Field Accelerator, Cyclone x2, Infernal Pre-Igniter  
  80  6:21  SCV  
  80  6:23  Supply Depot  
  81  6:26  SCV  
  82  6:38  Hellion x2  
  76  6:43  SCV x2, Refinery x2, Orbital Command  
  76  6:53  Factory Tech Lab  
  76  6:54  Cyclone x2, Factory Tech Lab  
  76  6:55  SCV x2  
  84  7:06  Supply Depot  
  84  7:07  SCV x2  
  86  7:09  Hellion x2  
  86  7:10  Supply Depot  
  90  7:16  SCV  
  90  7:19  SCV  
  90  7:20  SCV  
  93  7:24  Cyclone x2  
  93  7:26  Supply Depot  
  93  7:28  SCV  
  100  7:31  Supply Depot  
  100  7:32  Hellion x2  
  100  7:33  Cyclone x2  
  110  7:39  SCV  
  110  7:40  SCV x2  
  113  7:47  Supply Depot  
  113  7:51  SCV  
  114  7:56  Hellion, Cyclone x2  
  122  8:01  Hellion  
  122  8:02  Terran Vehicle Weapons Level 1  
  122  8:03  Terran Vehicle And Ship Armor Level 1  
  122  8:05  Hellion  
  126  8:06  Supply Depot  
  126  8:07  Command Center, Supply Depot  
  126  8:08  Hellion  
  123  8:16  SCV x3  
  117  8:20  Smart Servos  
  117  8:22  Factory x2  
  117  8:26  Cyclone  
  120  8:28  Engineering Bay, SCV x3, Cyclone  
  120  8:30  Engineering Bay  
  126  8:40  SCV x3  
  129  8:45  Starport  
  129  8:46  Starport  
  129  8:47  Starport  
  129  8:50  Fusion Core  
  129  8:52  SCV x3, Hellion, Cyclone  
  135  9:02  Hellion x2  
  139  9:06  SCV x2  
  139  9:07  SCV  
  142  9:19  Command Center  
  142  9:21  Starport Tech Lab  
  142  9:23  Planetary Fortress  
  142  9:24  SCV x3  
  142  9:25  Liberator  
  142  9:30  Refinery x2  
  145  9:38  Hi-Sec Auto Tracking, Neosteel Armor  
  137  9:39  Advanced Ballistics  
  137  9:40  Starport Tech Lab, Starport Reactor x2  
  137  9:44  SCV x3  
  141  9:52  Hellion x2, Cyclone x2  
  146  9:56  Command Center  
  143  10:03  Cyclone x2  
  143  10:07  SCV x3  
  150  10:12  Command Center  
  150  10:15  Command Center  
  150  10:17  Command Center  
  150  10:20  Command Center  
  150  10:26  Factory Tech Lab x2  
  150  10:32  Planetary Fortress  
  150  10:34  SCV x4  
  154  10:36  Refinery x2, Liberator  
  154  10:42  Command Center  
  154  10:46  Terran Vehicle And Ship Armor Level 2  
  154  10:48  Command Center  
  154  10:51  Cyclone x2  
  163  10:59  Cyclone  
  163  11:00  Hellion  
  166  11:06  Hellion x2  
  160  11:16  Hellion x2  
  162  11:21  Hellion  
  162  11:24  Terran Infantry Weapons Level 1, Terran Vehicle Weapons Level 2, Terran Infantry Armor Level 1  
  164  11:38  Orbital Command x4  
  158  11:40  Hellion, Command Center  
  158  11:41  Hellion x2  
  158  11:43  Cyclone  
  158  11:45  Command Center  
  163  11:59  Hellion, Cyclone  
  165  12:02  Orbital Command  
  165  12:14  Barracks x2  
  153  12:16  Ghost Academy  
  153  12:17  Barracks x2  
  153  12:19  Ghost Academy  
  153  12:21  Ghost Academy, Barracks  
  153  12:22  Ghost Academy  
  153  12:23  Ghost Academy  
  153  12:28  Cyclone x2  
  153  12:29  Planetary Fortress  
  159  12:40  Refinery  
  159  12:42  Hellion x2, Cyclone  
  159  12:43  Command Center, Refinery  
  166  12:44  Sensor Tower  
  166  12:46  Command Center  
  166  12:48  Hellion  
  166  12:49  Cyclone, Hellbat  
  165  12:56  Sensor Tower  
  146  13:00  Hellion x2  
  146  13:01  Barracks Tech Lab  
  146  13:02  Barracks Tech Lab, Orbital Command  
  146  13:03  Orbital Command  
  146  13:04  Orbital Command  
  138  13:12  Nuke, Personal Cloaking  
  132  13:13  Nuke x3  
  132  13:14  Liberator  
  132  13:20  Barracks Tech Lab x2  
  132  13:21  Barracks Tech Lab  
  132  13:29  Liberator  
  132  13:30  Liberator x2  
  135  13:37  Hellion, Cyclone  
  135  13:38  Cyclone  
  143  13:44  Ghost x2  
  143  13:45  Ghost x2  
  155  13:56  Ghost  
  155  13:59  Liberator x3  
  155  14:01  Hellion x4  
  165  14:04  Orbital Command x2  
  165  14:05  Barracks Tech Lab  
  165  14:09  Hellion x2  
  167  14:13  Ghost x4  
  176  14:27  Ghost  
Tags
 
Add a new tag
Caveats
  • Supply blocks, unpowered buildings, or Contaminate may cause inaccurate times.
  • Supply counts are checked every 10 seconds.